Map: Dragon Scales LE

Players

fatheroftwo - Winner!

  • Race: Protoss Protoss
  • Spawn Location: 11:00

NoobToss

  • Race: Terran Terran
  • League: Platinum
  • Spawn Location: 5:00

VOD

Have the link to the VOD?

Description

Time

  • Played on: March 20, 2023, 7:03 p.m.
  • Length: 16:05
Show
View Real Time Build Order
Export as new Build Order

fatheroftwo Protoss - Winner!

Build Orders: Oracle Opening 

Get SALT Encoding   

  12  0:00  Probe  
  13  0:12  Probe  
  14  0:17  Pylon  
  14  0:25  Probe  
  15  0:36  Gateway  
  15  0:38  Probe (Chrono Boost)  
  16  0:45  Assimilator  
  16  0:48  Probe (Chrono Boost)  
  17  0:53  Probe (Chrono Boost)  
  18  1:05  Probe  
  18  1:08  Pylon  
  19  1:17  Probe  
  20  1:23  Cybernetics Core  
  20  1:26  Assimilator  
  20  1:29  Probe  
  21  1:36  Pylon  
  21  1:41  Probe, Assimilator  
  22  1:54  Pylon  
  22  1:58  Adept (Chrono Boost)  
  22  2:00  Warp Gate  
  24  2:06  Probe  
  25  2:16  Shield Battery  
  25  2:21  Stargate  
  25  2:45  Nexus  
  25  2:59  Stalker  
  25  3:02  Oracle (Chrono Boost)  
  30  3:07  Probe (Chrono Boost)  
  32  3:20  Probe (Chrono Boost)  
  32  3:21  Pylon  
  33  3:27  Probe (Chrono Boost)  
  33  3:32  Gateway  
  33  3:34  Probe  
  34  3:46  Twilight Council, Probe  
  35  4:28  Blink (Chrono Boost)  
  35  4:32  Probe (Chrono Boost)  
  35  4:35  Probe (Chrono Boost)  
  35  4:37  Gateway  
  37  4:39  Gateway  
  37  4:42  Stalker, Assimilator  
  37  4:44  Probe (Chrono Boost), Assimilator  
  41  4:49  Probe (Chrono Boost)  
  41  4:50  Probe (Chrono Boost)  
  42  4:53  Gateway  
  42  4:56  Probe  
  42  4:59  Probe  
  44  5:00  Forge  
  44  5:07  Stalker  
  44  5:08  Probe  
  44  5:10  Stalker  
  44  5:11  Probe  
  50  5:35  Pylon  
  50  5:40  Probe x2  
  50  5:59  Stalker x5  
  60  6:10  Probe  
  60  6:11  Protoss Ground Weapons Level 1  
  61  6:15  Probe  
  62  6:28  Nexus  
  62  6:31  Pylon  
  62  6:36  Pylon  
  62  6:42  Pylon  
  62  6:49  Probe  
  53  7:12  Stalker x5  
  57  8:02  Stalker  
  57  8:03  Stalker x4  
  67  8:11  Robotics Facility  
  67  8:12  Probe x3  
  70  8:13  Robotics Facility  
  70  8:23  Shield Battery  
  70  8:24  Probe x3  
  73  8:35  Assimilator  
  73  8:36  Probe x3, Assimilator  
  76  8:45  Protoss Ground Weapons Level 2  
  76  8:48  Probe x2  
  76  8:49  Probe  
  76  8:51  Pylon  
  76  8:53  Pylon  
  79  9:00  Probe  
  79  9:01  Probe x2  
  82  9:20  Probe x2  
  80  9:33  Robotics Bay  
  80  9:50  Probe x3  
  77  10:32  Shield Battery  
  77  10:34  Gateway  
  77  10:36  Gateway  
  77  10:39  Gateway  
  77  10:40  Gateway  
  77  10:41  Gateway  
  77  10:43  Gateway  
  77  10:46  Pylon  
  77  10:47  Pylon  
  69  10:57  Extended Thermal Lance (Chrono Boost)  
  69  11:00  Nexus  
  67  11:04  Colossus (Chrono Boost)  
  67  11:10  Gateway  
  75  11:12  Warp Prism (Chrono Boost)  
  75  11:14  Templar Archives  
  75  11:18  Forge  
  75  11:22  Protoss Ground Weapons Level 3  
  75  11:25  Fleet Beacon  
  75  11:26  Pylon  
  75  11:29  Pylon  
  75  11:30  Stalker x4  
  75  11:31  Stalker x2  
  75  11:32  Pylon  
  87  11:34  Charge  
  87  11:38  Pylon  
  87  11:42  Stalker x4  
  87  11:43  Stalker  
  97  12:02  Colossus x2  
  109  12:14  Gravitic Drive  
  91  12:24  Zealot x4  
  87  12:59  Stalker x3  
  87  13:48  Zealot  
  87  13:49  Zealot x2  
  87  13:50  Zealot x2  
  87  13:51  Zealot  
  87  13:53  Zealot x2  
  87  13:54  Zealot x2  
  87  13:55  Zealot x2  
  95  14:09  Zealot x2  
  99  14:10  Zealot  
  99  14:11  Stalker x3  
  99  14:30  Psionic Storm  
  99  14:32  Stargate  
  99  14:37  Probe x4  
  99  14:39  Assimilator  
  99  14:43  Assimilator  
  97  14:47  Shield Battery  
  97  14:49  Shield Battery, Probe x2  
  97  14:51  Stalker x3, Photon Cannon  
  103  14:53  Photon Cannon  
  103  14:55  Photon Cannon  
  103  14:57  Photon Cannon  
  103  14:59  Photon Cannon  
  103  15:02  Shield Battery  
  103  15:04  Shield Battery  
  103  15:06  Photon Cannon  
  103  15:08  Photon Cannon  
  103  15:10  Photon Cannon  
  103  15:11  High Templar x3  
  103  15:12  High Templar x3, Photon Cannon  
  103  15:14  Photon Cannon  
  115  15:15  Photon Cannon  
  115  15:17  Photon Cannon  
  115  15:18  Photon Cannon  
  123  15:51  Zealot  
  123  15:55  Zealot  
Show
View Real Time Build Order
Export as new Build Order

NoobToss Terran 

Build Orders: 2 Factory, Reaper Expand 

Get SALT Encoding   

  12  0:00  SCV  
  13  0:12  SCV  
  14  0:17  Supply Depot  
  14  0:24  SCV  
  15  0:39  SCV  
  15  0:40  Barracks  
  16  0:47  Refinery  
  16  0:51  SCV  
  17  1:03  SCV  
  18  1:16  SCV  
  19  1:32  Orbital Command  
  19  1:33  Reaper  
  20  1:58  SCV  
  20  2:00  Command Center  
  21  2:10  Supply Depot  
  21  2:13  SCV  
  22  2:22  Factory  
  22  2:25  SCV  
  22  2:37  SCV  
  23  2:49  SCV  
  24  2:58  Barracks Tech Lab  
  24  3:02  SCV  
  25  3:12  Factory  
  25  3:13  Supply Depot  
  25  3:14  SCV  
  25  3:16  Orbital Command  
  26  3:25  Barracks Reactor  
  26  3:26  SCV  
  27  3:33  Hellion  
  29  3:38  SCV  
  30  3:47  SCV  
  31  3:50  SCV  
  32  3:59  SCV  
  32  4:02  SCV  
  35  4:07  Marine x2  
  31  4:10  Cyclone  
  31  4:11  Factory Tech Lab  
  31  4:12  SCV  
  31  4:14  SCV  
  29  4:25  SCV  
  29  4:26  SCV  
  31  4:36  Refinery  
  31  4:37  SCV  
  32  4:38  SCV  
  33  4:47  Siege Tank  
  33  4:49  SCV  
  33  4:50  SCV  
  38  5:03  SCV  
  38  5:05  SCV  
  40  5:13  Supply Depot  
  40  5:15  SCV  
  40  5:19  Orbital Command  
  41  5:29  SCV  
  41  5:32  Cyclone  
  45  5:41  SCV  
  46  5:44  Engineering Bay  
  46  5:48  Armory  
  46  5:51  Orbital Command  
  46  5:53  SCV  
  46  5:57  Siege Tank  
  46  6:05  SCV  
  47  6:13  Missile Turret  
  47  6:17  SCV  
  48  6:20  Siege Tank  
  48  6:24  Marine x2  
  53  6:29  SCV  
  53  6:30  SCV, Command Center  
  55  6:38  Supply Depot  
  55  6:41  SCV  
  55  6:42  Orbital Command  
  56  6:54  SCV  
  48  7:06  SCV  
  45  7:08  Orbital Command  
  45  7:16  Marine x2, Siege Tank  
  45  7:18  SCV  
  45  7:19  Siege Tank  
  54  7:30  SCV  
  54  7:34  Marine  
  55  7:39  SCV  
  55  7:42  SCV  
  54  7:48  Cyclone  
  48  7:54  SCV  
  48  7:57  Orbital Command  
  49  8:06  SCV  
  49  8:09  Command Center  
  50  8:16  Missile Turret  
  50  8:18  SCV  
  51  8:24  SCV  
  52  8:30  SCV  
  53  8:39  SCV  
  54  8:42  SCV  
  54  8:48  Refinery  
  55  8:49  Refinery  
  55  8:51  SCV  
  55  8:55  SCV  
  57  8:57  Supply Depot  
  53  9:03  SCV  
  53  9:07  SCV  
  54  9:15  SCV  
  55  9:19  SCV  
  56  9:28  SCV  
  56  9:31  Marine, SCV  
  57  9:32  Marine  
  57  9:35  Siege Tank x2  
  58  9:40  SCV  
  58  9:43  SCV x2  
  55  9:52  SCV  
  56  9:55  SCV x2  
  56  10:04  SCV  
  57  10:07  SCV x2, Siege Tank  
  57  10:13  Orbital Command  
  62  10:16  SCV  
  61  10:22  SCV  
  61  10:28  SCV  
  61  10:30  Siege Tank  
  61  10:34  Orbital Command  
  64  10:41  Supply Depot  
  61  11:03  SCV x3, Siege Tank  
  67  11:14  Supply Depot  
  67  11:15  SCV x2  
  69  11:19  Supply Depot  
  69  11:32  Engineering Bay  
  69  11:35  SCV x2, Siege Tank x2  
  69  11:39  Supply Depot  
  77  11:41  Supply Depot  
  77  11:47  SCV x2  
  77  11:52  Refinery  
  79  11:59  SCV  
  79  12:00  SCV  
  81  12:07  Siege Tank  
  84  12:11  SCV  
  79  12:25  SCV x2  
  79  12:29  Siege Tank  
  81  12:33  Orbital Command  
  81  12:37  SCV x2  
  69  12:49  SCV x2  
  55  12:59  SCV  
  55  13:01  SCV  
  55  13:03  Orbital Command  
  56  13:11  SCV  
  52  13:13  SCV  
  52  13:22  Orbital Command  
  52  13:25  SCV  
  53  13:31  SCV  
  53  13:34  Cyclone  
  55  13:35  Cyclone  
  55  13:37  SCV  
  55  13:38  Armory  
  59  13:43  SCV  
  59  13:46  Marine x2  
  58  13:50  SCV  
  58  13:55  SCV  
  57  13:58  SCV  
  57  14:02  SCV  
  53  14:04  Marine  
  53  14:07  SCV  
  43  14:11  SCV  
  43  14:14  SCV  
  39  14:19  SCV, Command Center  
  39  14:23  SCV  
  41  14:26  SCV  
  39  14:31  SCV  
  39  14:35  SCV  
  38  14:41  SCV  
  38  14:43  SCV  
  37  14:47  SCV  
  37  14:48  Hellion x2  
  37  14:49  Marine x2  
  43  14:54  SCV  
  43  14:55  SCV  
  45  15:00  SCV  
  45  15:06  SCV  
  40  15:19  SCV  
  40  15:20  SCV  
  33  15:35  SCV x3  
  36  15:47  SCV  
  36  15:48  SCV  
Tags
 
Add a new tag
Caveats
  • Supply blocks, unpowered buildings, or Contaminate may cause inaccurate times.
  • Supply counts are checked every 10 seconds.